 Dungeon Crawl Stone Soup version 0.26-a0-858-gbf766624f9 (webtiles) character file.

Game seed: 2236013198922187573

167704 robertstho the Warrior (level 17, -3/122 HPs)
             Began as a Gargoyle Fighter on Nov 24, 2020.
             Was a High Priest of the Shining One.
             Slain by robertstho's illusion (illusionary) (22 damage)
             ... woven by Mara
             ... on level 4 of the Snake Pit.
             The game lasted 01:02:33 (31113 turns).

robertstho the Warrior (Gargoyle Fighter)          Turns: 31113, Time: 01:02:34

Health: -3/122     AC: 53    Str: 25    XL:     17   Next: 93%
Magic:  4/26       EV: 10    Int: 12    God:    the Shining One [*****.]
Gold:   1453       SH:  0    Dex: 14    Spells: 16/16 levels left

rFire    + . .     SeeInvis .   d - +3 dire flail (protect)
rCold    + . .     Faith    .   (shield currently unavailable)
rNeg     + + +     Spirit   .   F - +1 plate armour {rPois}
rPois    ∞         Reflect  .   b - +2 helmet
rElec    +         Harm     .   O - +1 cloak {rCorr}
rCorr    +         Rampage  .   m - +0 pair of gloves
MR       +....                  a - +5 pair of boots of the Bulwark {*Drain rPois rC+ Stlth+}
Stlth    ..........             V - amulet of the acrobat
HPRegen  0.30/turn              K - +6 ring of dexterity
MPRegen  0.20/turn              L - ring of protection from fire

@: mighty, protection aura, flying, hasted, glowing, very quick
A: big wings, talons 1, clever 1, clumsy 1, negative energy resistance 1,
electricity resistance, unbreathing, petrification resistance, rot immunity, AC
+12
a: Stop Flying, Divine Shield, Cleansing Flame, Summon Divine Warrior, Renounce
Religion


You were on level 4 of the Snake Pit.
You worshipped the Shining One.
The Shining One was extremely pleased with you.
You visited 5 branches of the dungeon, and saw 28 of its levels.
You visited 1 bazaar.
You also visited: Bailey and Ice Cave.

You collected 2761 gold pieces.
You spent 1308 gold pieces at shops.

Inventory:

Hand Weapons
 d - a +3 dire flail of protection (weapon)
Armour
 a - the +5 pair of boots of the Bulwark (worn) {*Drain rPois rC+ Stlth+}
   (You acquired it in an ice cave)

   It protects you from cold.
   It protects you from poison.
   It causes draining when unequipped.
   It makes you more stealthy.
 b - a +2 helmet (worn)
 c - a +0 kite shield of protection
 m - a +0 pair of gloves (worn)
 D - a +0 cloak of magic resistance
 F - a +1 plate armour of poison resistance (worn)
 O - a +1 cloak of preservation (worn)
Jewellery
 B - an uncursed ring of protection from magic
 C - an uncursed ring of protection from cold
 K - a +6 ring of dexterity (left hand)
 L - a ring of protection from fire (right hand)
 S - an uncursed amulet of regeneration
 V - an amulet of the acrobat (around neck)
Wands
 j - a wand of iceblast (24)
 l - a wand of disintegration (32)
 J - a wand of paralysis (8)
 N - a wand of acid (3)
 R - a wand of digging (5)
Scrolls
 e - 3 scrolls of magic mapping
 f - 5 scrolls of fog
 g - 9 scrolls of teleportation
 h - 6 scrolls of enchant weapon
 i - 4 scrolls of identify
 n - 4 scrolls of blinking
 p - 9 scrolls of immolation
 r - 13 scrolls of remove curse
 t - 7 scrolls of enchant armour
 u - 4 scrolls of fear
 A - 2 scrolls of holy word
 M - a scroll of silence
 Q - 4 scrolls of summoning
Potions
 q - 5 potions of haste
 s - a potion of mutation
 w - a potion of magic
 x - 5 potions of might
 z - 11 potions of curing
 E - a potion of heal wounds
 H - 4 potions of ambrosia
 I - 3 potions of cancellation
 U - a potion of brilliance
Miscellaneous
 k - a phantom mirror
 G - a box of beasts
 P - a lightning rod (4/4)


   Skills:
 * Level 19.1 Fighting
 + Level 16.0 Maces & Flails
 + Level 1.9 Polearms
 * Level 16.3 Armour
 + Level 3.5 Dodging
 + Level 5.6 Shields
 * Level 12.7 Invocations
 + Level 0.6 Evocations


You had 16 spell levels left.
You didn't know any spells.
Your spell library contained the following spells:

 Spells                   Type           Power        Failure   Level
 Animate Skeleton         Necr           #.....       92%         1
 Apportation              Tloc           #.....       92%         1
 Corona                   Hex            #......      92%         1
 Freeze                   Ice            #...         92%         1
 Magic Dart               Conj           #...         92%         1
 Summon Small Mammal      Summ           #...         92%         1
 Blink                    Tloc           N/A          98%         2
 Call Imp                 Summ           #.......     98%         2
 Corpse Rot               Necr/Air       N/A          98%         2
 Searing Ray              Conj           #.....       98%         2
 Slow                     Hex            #.......     98%         2
 Call Canine Familiar     Summ           #.......     100%        3
 Conjure Flame            Conj/Fire      #.......     100%        3
 Dazzling Flash           Conj/Hex       #.....       100%        3
 Frozen Ramparts          Ice            #.....       100%        3
 Ignite Poison            Fire/Tmut/Pois #.......     100%        3
 Mephitic Cloud           Conj/Pois/Air  #.......     100%        3
 Ozocubu's Armour         Ice            #.......     100%        3
 Stone Arrow              Conj/Erth      #.....       100%        3
 Summon Guardian Golem    Hex/Summ       #.......     100%        3
 Fulminant Prism          Conj/Hex       #.........   100%        4
 Hailstorm                Conj/Ice       #.......     100%        4
 Iskenderun's Mystic Bla  Conj/Tloc      #.......     100%        4
 Summon Ice Beast         Ice/Summ       #.......     100%        4
 Summon Lightning Spire   Summ/Air       #.......     100%        4
 Fireball                 Conj/Fire      #.........   100%        5
 Summon Demon             Summ           #.........   100%        5
 Summon Forest            Summ/Tloc      #.........   100%        5
 Summon Mana Viper        Hex/Summ       #.......     100%        5
 Eringya's Noxious Bog    Tmut/Pois      #.........   100%        6
 Hydra Form               Tmut           #.........   100%        6
 Shadow Creatures         Summ           N/A          100%        6
 Starburst                Conj/Fire      #.........   100%        6
 Summon Hydra             Summ           #.........   100%        7
 Ignition                 Fire           #.........   100%        8


Dungeon Overview and Level Annotations

Branches:
Dungeon (15/15)            Temple (1/1) D:7            Lair (6/6) D:11
  Swamp (0/4) Lair:3        Snake (4/4) Lair:2        Slime (0/5) Lair:5
    Orc (2/2) D:11            Elf (0/3) Orc:2        Vaults (0/5) D:13
 Depths (0/5) D:15         Bailey (visited)           IceCv (visited)

Altars:
Ashenzari
Cheibriados
Dithmenos
Elyvilon
Fedhas
Gozag
Hepliaklqana
Kikubaaqudgha
Makhleb
Nemelex Xobeh
Okawaru
Qazlal
Ru
Sif Muna
Trog
Uskayaw
Vehumet
Wu Jian
Xom
Yredelemnul
Zin
The Shining One
Beogh

Shops:
D:4 [   D:5 (   D:7 }   Orc:1 [   Orc:2 **}(

Portals:
Pandemonium: Orc:2

Annotations:
D:14 2 transporters, Meejax's ghost, journeyman DsGl
Snake:4 Mara


Innate Abilities, Weirdness & Mutations

You are resistant to torment.
Your stone body is resilient. (AC +12)
You are immune to poison.
Your large and strong wings let you fly indefinitely.
You resist negative energy. (rN+)
You are resistant to electric shocks. (rElec)
You can survive without breathing.
You are immune to petrification.
You are immune to rotting.
You have sharp toenails.
Your mind is acute. (Int +2)
You are clumsy. (Dex -2)


Message History

The naga dies!
The anaconda bites you but does no damage.
The anaconda constricts you.
You hit robertstho's illusion but do no damage.
Robertstho's illusion hits you!
* * * LOW HITPOINT WARNING * * *
Unknown command.
The golden flame engulfs you but does no damage.
The golden flame engulfs the anaconda!!
You kill the anaconda!
The golden flame engulfs robertstho's illusion but does no damage.
The golden flame engulfs Mara!!
Mara writhes in agony!
Mara is heavily wounded.
You hear an angry hiss. x2; You hear a shout!
You hear an angry hiss. x2
You hear a shout!
You hear an angry hiss.
You hear a shout!
You hear an angry hiss.
Mara gestures at you.
The bolt of fire hits you but does no damage.
Robertstho's illusion hits you!!
You die...

#.?..... ..
#......###...
#......#.....
#...........#
########....)......#
.................#.+
........@...N.)..#N'
.......@†R)AN)N....#
......#####.NN.....##
..... ##).......##
#+## #.........##
##.....)...##
#......(...#
#...........
##..........
#...###...).


You could see Mara, 2 naga sharpshooters, 3 nagas, robertstho's illusion (fast,
strong) and a friendly daeva (summoned, poisoned).

Vanquished Creatures
  Vashnia (Snake:2)
  Nikola (Snake:1)
  Rupert (Snake:1)
  Kirke (Lair:6)
  4 nagarajas
  2 frost giants
  The ghost of marklar909 the Grappler, a journeyman DrTm of Qazlal (Orc:2)
  An orc warlord (Orc:2)
  Aizul (Snake:1)
  Nessos (Lair:6)
  Snorg (D:13)
  A fire dragon (D:13)
  A rakshasa (D:15)
  5 boulder beetles
  8 hydras
  Erica (D:11)
  5 anacondas
  6 naga warriors
  Harold (D:7)
  4 centaur warriors
  2 dancing weapons
  6 death yaks
  A tengu warrior (D:15)
  4 two-headed ogres
  4 shock serpents
  4 orc high priests (Orc:2)
  10 naga sharpshooters
  Nergalle (Lair:1)
  A sun demon (Orc:1)
  3 gelid demonspawn (Orc:2)
  An infernal demonspawn (Orc:2)
  4 unseen horrors
  2 naga ritualists
  8 mana vipers
  6 orc sorcerers (Orc:2)
  An oklob plant (Lair:6)
  4 orc knights
  5 cyclopes
  A manticore (D:11)
  5 salamanders
  6 ugly things
  An ice statue (Orc:2)
  11 naga magi
  3 guardian serpents
  2 centaur zombies (D:11)
  2 gargoyles
  A rust devil (D:9)
  2 torpor snails (Lair:6)
  31 black mambas
  2 molten gargoyles (D:15)
  6 centaur skeletons
  23 cane toads
  A rime drake (Lair:5)
  9 komodo dragons
  A yaktaur (D:15)
  A hellwing (Orc:2)
  2 demonic crawlers (D:15)
  5 trolls
  A red devil (D:9)
  20 polar bears
  A tengu conjurer (D:15)
  5 tyrant leeches
  A hornet (shapeshifter) (D:15)
  A hornet (Lair:5)
  22 blink frogs
  5 dream sheep (Lair:6)
  A slime creature (D:15)
  2 spriggans
  Sigmund (D:3)
  A centaur simulacrum (D:15)
  A vampire (D:14)
  A ynoxinul (Orc:2)
  A chaos spawn (Orc:2)
  74 yaks
  2 wraiths
  5 wyverns
  6 vampire mosquitoes (Lair:6)
  Grum (D:11)
  4 basilisks
  2 neqoxecs (Orc:2)
  Menkaure (D:5)
  30 nagas
  Edmund (D:4)
  7 wargs
  An acid dragon (D:15)
  A soldier ant (D:13)
  22 water moccasins
  Duvessa (D:5)
  4 ice beasts
  34 orc warriors
  5 black bears
  4 phantoms
  2 eyes of draining
  5 sky beasts
  2 necrophages
  12 ogres
  11 centaurs
  55 wolves
  4 big kobolds
  Blork the orc (D:5)
  28 bullfrogs
  Dowan (D:5)
  5 scorpions
  9 killer bees
  11 wights
  2 electric eels
  A howler monkey (D:12)
  9 jellies
  5 hounds
  2 lava snakes (D:15)
  A quasit (D:7)
  3 bullfrog zombies
  24 orc priests
  22 orc wizards
  Terence (D:3)
  5 iguanas
  Natasha (thrice) (D:4)
  13 worker ants
  A killer bee zombie (D:8)
  A hound zombie (D:6)
  2 hound skeletons (D:6)
  A howler monkey zombie (D:7)
  A worker ant zombie (D:7)
  10 gnolls
  A howler monkey skeleton (D:10)
  13 adders
  3 shadow imps
  2 white imps (D:6)
  2 ufetubi
  2 oozes (Lair:5)
  3 adder skeletons
  3 worms
  3 dart slugs (D:1)
  5 leopard geckos
  88 orcs
  4 giant cockroaches
  16 goblins
  6 hobgoblins
  7 jackals
  22 kobolds
  7 quokkas
  A ball python (D:2)
  13 bats
  4 frilled lizards
  27 rats
983 creatures vanquished.

Vanquished Creatures (collateral kills)
  The ghost of jestert79 the Martial Artist, a journeyman GnTm of Qazlal (Orc:1)
  A soul eater (Orc:2)
  An orc high priest (Orc:2)
  A sixfirhy (Orc:2)
  2 deep elf magi (D:15)
  2 orc knights (Orc:2)
  An orc sorcerer (Orc:2)
  A naga mage (Snake:4)
  4 slime creatures (D:15)
  A naga (Snake:4)
  2 orc warriors (Orc:2)
  4 orcs (Orc:2)
21 creatures vanquished.

Vanquished Creatures (others)
  A naga warrior (Snake:3)
  A naga sharpshooter (Snake:2)
  2 black mambas (Snake:3)
  A naga mage (Snake:1)
  2 polar bears (IceCv)
  3 humans (Lair:6)
  A yak (Lair:5)
  A naga (Snake:2)
  An orc warrior (Bailey)
  2 orc priests (Orc:2)
  An orc (Orc:2)
  28 fungi
  100 plants
144 creatures vanquished.

Grand Total: 1148 creatures vanquished

Notes
Turn   | Place    | Note
-------+----------+-------------------------------------------
     0 | D:1      | robertstho the Gargoyle Fighter began the quest for the
                  | Orb.
     0 | D:1      | Reached XP level 1. HP: 14/14 MP: 1/1
     2 | D:1      | You fall into a shaft and drop 1 floor!
   275 | D:2      | Reached XP level 2. HP: 19/19 MP: 2/2
   530 | D:2      | Reached XP level 3. HP: 8/24 MP: 3/3
   848 | D:2      | Found a hide-covered altar of Uskayaw.
   849 | D:2      | Found a burning altar of Makhleb.
  1104 | D:2      | Reached XP level 4. HP: 29/29 MP: 4/4
  1294 | D:3      | Noticed Terence
  1311 | D:3      | Killed Terence
  1539 | D:3      | Noticed Sigmund
  1548 | D:3      | Reached skill level 4 in Fighting
  1558 | D:3      | Reached XP level 5. HP: 20/33 MP: 5/5
  1570 | D:3      | Killed Sigmund
  1571 | D:3      | Reached XP level 6. HP: 4/39 MP: 6/6
  3169 | D:3      | Reached skill level 1 in Dodging
  3184 | D:3      | Reached XP level 7. HP: 8/44 MP: 7/7
  3770 | D:4      | Found Qempoe Bioc's Armour Shop.
  3938 | D:4      | Reached skill level 5 in Fighting
  3938 | D:4      | Reached skill level 5 in Armour
  4284 | D:4      | Noticed Natasha
  4294 | D:4      | Killed Natasha
  4309 | D:4      | Reached skill level 5 in Shields
  4456 | D:4      | Noticed Edmund
  4482 | D:4      | Gained mutation: Your mind is acute. (Int +2) [potion of
                  | mutation]
  4482 | D:4      | Gained mutation: You have sharp toenails. [potion of
                  | mutation]
  4488 | D:4      | Noticed Natasha
  4696 | D:4      | Killed Edmund
  4697 | D:4      | Reached skill level 5 in Maces & Flails
  4697 | D:4      | Reached XP level 8. HP: 44/50 MP: 8/8
  4698 | D:4      | Killed Natasha
  4801 | D:4      | Noticed Natasha
  4815 | D:4      | Killed Natasha
  5110 | D:5      | Entered Level 5 of the Dungeon
  5218 | D:5      | Noticed Blork the orc
  5227 | D:5      | Killed Blork the orc
  5498 | D:5      | Noticed Duvessa
  5498 | D:5      | Noticed Dowan
  5517 | D:5      | Killed Duvessa
  5518 | D:5      | Reached skill level 6 in Fighting
  5527 | D:5      | Killed Dowan
  5660 | D:5      | Found Qayrphua's Weapon Boutique.
  6011 | D:5      | Reached XP level 9. HP: 56/56 MP: 9/9
  6075 | D:5      | Noticed Menkaure
  6082 | D:5      | Killed Menkaure
  6468 | D:6      | Reached skill level 7 in Fighting
  7446 | D:7      | Found a staircase to the Ecumenical Temple.
  7483 | Temple   | Entered the Ecumenical Temple
  7656 | Temple   | Became a worshipper of the Shining One
  7703 | D:7      | Reached skill level 8 in Fighting
  7782 | D:7      | Found Xaleetem's Gadget Shop.
  7879 | D:7      | Noticed Harold
  7888 | D:7      | Killed Harold
  7889 | D:7      | Reached XP level 10. HP: 57/65 MP: 9/11
  8136 | D:7      | Found an opulent altar of Gozag.
  8151 | D:7      | Found a sparkling altar of Nemelex Xobeh.
  8509 | D:8      | Reached * piety under the Shining One
  8657 | D:8      | Reached skill level 9 in Fighting
  9014 | D:9      | Noticed a two-headed ogre
  9027 | D:9      | Killed a two-headed ogre
  9131 | D:9      | Reached skill level 10 in Maces & Flails
  9311 | D:9      | Noticed a hell beast
  9311 | D:9      | Noticed a hell beast
  9312 | D:9      | Noticed a rust devil
  9312 | D:9      | Found a burning altar of Makhleb.
  9341 | D:9      | Reached XP level 11. HP: 65/72 MP: 13/13
  9702 | D:9      | Reached skill level 10 in Fighting
  9887 | D:10     | Entered Level 10 of the Dungeon
  9888 | D:10     | Reached ** piety under the Shining One
 10121 | D:10     | Found a flagged portal.
 10149 | Bailey   | Entered a bailey
 10149 | Bailey   | Noticed an orc knight
 10149 | Bailey   | Noticed an orc knight
 10150 | Bailey   | Noticed an orc knight
 10495 | Bailey   | Killed an orc knight
 10810 | Bailey   | Noticed an orc knight
 10827 | Bailey   | Killed an orc knight
 10843 | Bailey   | Got a transparent hand axe
 10843 | Bailey   | Identified the +11 hand axe of the Puffball {elec, rC+
                  | Stlth+} (You found it in a bailey)
 11448 | D:11     | Noticed a boulder beetle
 11450 | D:11     | Found a staircase to the Lair.
 11511 | D:11     | Reached skill level 10 in Armour
 11520 | D:11     | Killed a boulder beetle
 11521 | D:11     | Reached skill level 5 in Invocations
 11692 | D:11     | Noticed Grum
 11703 | D:11     | Killed Grum
 11748 | D:11     | Reached *** piety under the Shining One
 11774 | D:11     | Noticed Erica
 11778 | D:11     | Found a staircase to the Orcish Mines.
 11787 | D:11     | Killed Erica
 11788 | D:11     | Reached skill level 11 in Fighting
 11801 | D:11     | Noticed an unseen horror
 11809 | D:11     | Killed an unseen horror
 11810 | D:11     | Reached XP level 12. HP: 80/80 MP: 16/16
 11887 | D:11     | Noticed a two-headed ogre
 11896 | D:11     | Killed a two-headed ogre
 11978 | D:11     | Noticed a two-headed ogre
 11987 | D:11     | Killed a two-headed ogre
 12588 | D:11     | Found a white marble altar of Elyvilon.
 12748 | D:11     | Noticed a boulder beetle
 12784 | D:11     | Killed a boulder beetle
 13455 | D:12     | Got a masterwork trident
 13455 | D:12     | Identified the +9 trident of the Tent {antimagic, Str-2
                  | Int+6} (You found it on level 12 of the Dungeon)
 13576 | D:12     | Reached skill level 12 in Fighting
 14031 | D:13     | Noticed Snorg
 14045 | D:13     | Killed Snorg
 14046 | D:13     | Reached skill level 1 in Polearms
 14498 | D:13     | Noticed an eight-headed hydra
 14996 | Lair:1   | Entered Level 1 of the Lair of Beasts
 15084 | Lair:1   | Noticed Nergalle
 15084 | Lair:1   | Reached **** piety under the Shining One
 15094 | Lair:1   | Reached XP level 13. HP: 83/87 MP: 18/18
 15112 | Lair:1   | Killed Nergalle
 15857 | Lair:1   | Found the +8 whip "Snakebite" {curare, rPois}
 16055 | Lair:2   | Found a staircase to the Snake Pit.
 16277 | Lair:2   | Reached skill level 13 in Fighting
 16505 | Lair:2   | Found a glowing golden altar of the Shining One.
 17864 | Lair:3   | Found a staircase to the Swamp.
 18945 | Lair:5   | Gained mutation: Your large and strong wings let you fly
                  | indefinitely. [Gargoyle growth]
 18945 | Lair:5   | Reached XP level 14. HP: 88/95 MP: 20/20
 19037 | Lair:5   | Found a staircase to the Slime Pits.
 19084 | Lair:5   | Found a frozen archway.
 19103 | IceCv    | Entered an ice cave
 19301 | IceCv    | Reached ***** piety under the Shining One
 19335 | IceCv    | Reached skill level 14 in Fighting
 20391 | IceCv    | Noticed a frost giant
 20417 | IceCv    | Identified a scroll of acquirement
 20418 | IceCv    | Acquired the +5 pair of boots of the Bulwark {*Drain rPois
                  | rC+ Stlth+}
 20440 | IceCv    | Killed a frost giant
 21480 | Lair:6   | Entered Level 6 of the Lair of Beasts
 21480 | Lair:6   | Noticed Kirke
 21494 | Lair:6   | Killed Kirke
 21793 | Lair:6   | Reached skill level 15 in Fighting
 21899 | Lair:6   | Reached XP level 15. HP: 70/103 MP: 22/22
 22240 | Lair:6   | Reached ****** piety under the Shining One
 22278 | Lair:6   | Noticed Nessos
 22314 | Lair:6   | Killed Nessos
 22337 | Lair:6   | Reached skill level 16 in Fighting
 22770 | Lair:6   | Reached skill level 10 in Invocations
 23218 | Orc:1    | Entered Level 1 of the Orcish Mines
 23297 | Orc:2    | Entered Level 2 of the Orcish Mines
 23301 | Orc:2    | Found a staircase to the Elven Halls.
 23347 | Orc:2    | Noticed marklar909's ghost (journeyman DrTm)
 23348 | Orc:2    | Noticed an orc warlord
 23357 | Orc:2    | Found a transporter.
 23367 | Orc:2    | Found a transporter.
 23432 | Orc:2    | Found a roughly hewn altar of Beogh.
 23566 | Orc:2    | Found Fef Elim's General Store.
 23735 | Orc:1    | Found a runed translucent door.
 23996 | Orc:1    | Found a shimmering altar of Xom.
 23996 | Orc:1    | Noticed jestert79's ghost (journeyman GnTm)
 24121 | Orc:1    | Killed jestert79's ghost
 24271 | Orc:2    | Found Xetihiro's General Store.
 24315 | Orc:2    | Gained mutation: You are clumsy. (Dex -2) [a neqoxec]
 24443 | Orc:2    | Found a gateway to a bazaar.
 24457 | Bazaar   | Entered a bazaar
 24457 | Bazaar   | Found Fosej's General Store.
 24491 | Bazaar   | Found Moulec's Gadget Emporium.
 24491 | Bazaar   | Found Zaegur's Antique Armour Emporium.
 24510 | Bazaar   | Found Kabusto's Distillery.
 24518 | Bazaar   | Bought a potion of heal wounds for 60 gold pieces
 24533 | Bazaar   | Found Teudoudo's Antique Weapon Shoppe.
 24553 | Bazaar   | Bought 3 scrolls of identify for 78 gold pieces
 24553 | Bazaar   | Bought a wand of disintegration (18) for 286 gold pieces
 24587 | Bazaar   | Bought a potion of curing for 36 gold pieces
 24587 | Bazaar   | Bought a potion of might for 48 gold pieces
 24587 | Bazaar   | Bought a potion of curing for 36 gold pieces
 24587 | Bazaar   | Bought a potion of curing for 36 gold pieces
 24587 | Bazaar   | Bought a potion of might for 48 gold pieces
 24587 | Bazaar   | Bought a potion of curing for 36 gold pieces
 24587 | Bazaar   | Bought a potion of might for 48 gold pieces
 24635 | Orc:2    | Paralysed by an orc sorcerer for 2 turns
 24757 | Orc:2    | Bought a scroll of blinking for 105 gold pieces
 24757 | Orc:2    | Bought a potion of heal wounds for 70 gold pieces
 24759 | Orc:2    | Bought a scroll of summoning for 114 gold pieces
 24759 | Orc:2    | Bought a scroll of identify for 24 gold pieces
 24759 | Orc:2    | Bought a scroll of teleportation for 36 gold pieces
 24859 | Orc:2    | Reached XP level 16. HP: 99/112 MP: 23/23
 24877 | Orc:2    | Found Buduuss's Gadget Shoppe.
 24877 | Orc:2    | Found a one-way gate leading to the halls of Pandemonium.
 24877 | Orc:2    | Found Kiozed's Antique Weapon Emporium.
 25366 | Orc:1    | Found Bagav's Antique Armour Emporium.
 25431 | Orc:1    | Bought a runed cloak for 247 gold pieces
 25515 | Orc:2    | Reached skill level 17 in Fighting
 25525 | Orc:2    | Reached skill level 15 in Maces & Flails
 25562 | Orc:2    | Killed marklar909's ghost
 26107 | D:13     | Found a gate to the Vaults.
 26248 | D:13     | Found an opulent altar of Gozag.
 26819 | D:14     | Found a transporter.
 26834 | D:14     | Found a glowing golden altar of the Shining One.
 26848 | D:14     | Found a transporter.
 26958 | D:14     | Noticed Meejax's ghost (journeyman DsGl)
 27186 | D:15     | Entered Level 15 of the Dungeon
 27489 | D:15     | Reached skill level 15 in Armour
 27493 | D:15     | Found a staircase to the Depths.
 28430 | Snake:1  | Entered Level 1 of the Snake Pit
 28515 | Snake:1  | Noticed Nikola
 28518 | Snake:1  | Noticed Aizul
 28659 | Snake:1  | Killed Nikola
 28790 | Snake:1  | Killed Aizul
 28818 | Snake:1  | Reached skill level 18 in Fighting
 29050 | Snake:1  | Noticed Rupert
 29063 | Snake:1  | Killed Rupert
 29184 | Snake:2  | Reached XP level 17. HP: 106/119 MP: 25/25
 29540 | Snake:2  | Noticed Vashnia
 29561 | Snake:2  | Killed Vashnia
 30552 | Snake:3  | Reached skill level 19 in Fighting
 30921 | Snake:4  | Entered Level 4 of the Snake Pit
 30924 | Snake:4  | Got a faintly glowing ring mail
 30939 | Snake:3  | Identified the cursed +0 ring mail "Voceosuph" {Regen+ MP-9
                  | Dex+2} (You found it on level 4 of the Snake Pit)
 31033 | Snake:4  | Noticed Mara
 31036 | Snake:4  | Noticed robertstho's illusion
 31109 | Snake:4  | Noticed robertstho's illusion
 31113 | Snake:4  | Slain by robertstho's illusion (illusionary)

Illustrated notes

Levels and vault maps discovered:
D:1:      minmay_arrival_diagonal_passages, layout_basic, serial_forest,
          infiniplex_forest_straight_1, infiniplex_forest_zigzag_1,
          infiniplex_forest_clump_large, infiniplex_forest_clump_double,
          infiniplex_forest_straight_2, infiniplex_forest_clump_small,
          infiniplex_forest_lined_room_2, infiniplex_forest_lined_room_,
          infiniplex_forest_end_2, infiniplex_forest_end_2, minmay_statues_item,
          minmay_pentomino_v4
D:2:      layout_basic, gammafunk_temple_overflow_pools, minmay_rat_hole
D:3:      layout_loops_ring, feat_on_display, uniq_terence, uniq_sigmund
D:4:      layout_rooms, serial_shops, shop, minmay_misc_feat_four_crosses,
          minmay_ogre_servants, uniq_natasha, uniq_edmund
D:5:      kennysheep_big_flooded_room, layout_basic, serial_shops, shop,
          chequers_hall_statues_corner_a, uniq_duvessa, uniq_blork_the_orc,
          uniq_menkaure
D:6:      layout_cave_pools, minmay_misc_feat_room
D:7:      layout_loops_ring, grunt_temple_overflow_opulence,
          minmay_temple_entry_gardened_gates, serial_shops, shop, uniq_harold
D:8:      layout_rooms
D:9:      layout_roguey, lemuel_hellish_altar
D:10:     layout_basic, enter_bailey_7
D:11:     layout_loops_corners, erik_lair_orcish_takeover, orc_0_dummy,
          lemuel_centaur_altar, uniq_grum, uniq_erica
D:12:     layout_small_grid
D:13:     layout_roguey, erik_vaults_1, basic_altar, uniq_snorg
D:14:     layout_roguey, basic_altar, gammafunk_ghost_berserking_beasts
D:15:     grunt_enter_depths_snipers, layout_basic, einodemon_crawler_minivault
Temple:   eino_narrow_crystal_temple
Lair:1:   minmay_guarded_unrand_snakebite, layout_loops_ring,
          grunt_megastairs_1, lemuel_fruit_fields, serial_bayou_shore_b,
          uniq_nergalle
Lair:2:   layout_chaotic_city, guppyfry_snake_entry_island, basic_altar,
          grunt_megastairs_3, serial_bayou_shore_a
Lair:3:   layout_roguey, minmay_swamp_entry_worms, st_stairs_3,
          forest_entry_grove
Lair:4:   layout_misc_corridors
Lair:5:   layout_misc_corridors, nicolae_slime_entry_slimehenge,
          portal_ice_cave_entry_pillars_1, grunt_forest_large_clearings
Lair:6:   minmay_lair_end_frog_pond, layout_hall_layers, uniq_kirke, uniq_nessos
Snake:1:  layout_layer_cave, uniq_nikola, uniq_aizul, uniq_rupert
Snake:2:  layout_rooms, drop_trap, uniq_vashnia
Snake:3:  layout_misc_corridors
Snake:4:  johnstein_snake_rune_scales, layout_cave_town, serial_shops,
          nicolae_shop_overgrown_old_shop, minmay_shoptagon, uniq_mara
Orc:1:    layout_diamond_mine, serial_shops, shop_statue, ebering_ghost_xom
Orc:2:    pf_orc_diabolical, layout_caves, basic_altar, gammafunk_ghost_arena,
          serial_shops, statue_bzr

Skill      XL: |  1  2  3  4  5  6  7  8  9 10 11 12 13 14 15 16 17 |
---------------+----------------------------------------------------+-----
Maces & Flails | 3 4 5 6 9 10 11 12 13 14 15 16 | 16.0
Armour         | 4 5 6 8 10 11 12 13 14 15 16 | 16.3
Fighting       | 4 5 6 8 9 11 12 13 15 16 18 19 | 19.1
Shields        | 4 5 |  5.6
Dodging        | 1 2 3 |  3.5
Invocations    | 2 3 5 7 8 9 10 11 12 | 12.7
Polearms       | 1 |  1.9
Evocations     | |  0.6

Action                   |  1- 3 |  4- 6 |  7- 9 | 10-12 | 13-15 | 16-18 || total
-------------------------+-------+-------+-------+-------+-------+-------++-------
Melee: Flail             |   115 |   226 |   139 |       |       |       ||   480
       Dire flail        |       |       |   300 |   699 |  1723 |  1069 ||  3791
       Trident           |       |       |       |    22 |       |       ||    22
Invok: Summon Divine War |       |       |       |       |     4 |     3 ||     7
       Cleansing Flame   |       |       |       |       |     1 |    16 ||    17
       Divine Shield     |       |       |       |       |       |     1 ||     1
Evoke: Wand              |       |       |     6 |     7 |     2 |       ||    15
  Use: Potion            |       |     4 |     5 |     4 |     4 |     6 ||    23
       Scroll            |       |       |     7 |    12 |    11 |     4 ||    34
Armor: Scale mail        |    71 |   119 |   153 |       |       |       ||   343
       Chain mail        |       |       |   247 |    38 |       |       ||   285
       Plate armour      |       |       |       |   598 |  1432 |   985 ||  3015
Dodge: Dodged            |    48 |    96 |   285 |   275 |   660 |   421 ||  1785
Block: Kite shield       |    58 |   149 |   141 |       |       |       ||   348
       Other             |       |       |       |       |       |    14 ||    14

Table legend: (Time is in decaauts)
 A = Elapsed time spent in this place.
 B = Non-inter-level travel time spent in this place.
 C = Inter-level travel time spent in this place.
 D = Time resting spent in this place.
 E = Time spent auto-exploring this place.
 F = Levels seen in this place.
 G = Mean time per level.
                   A        B        C        D        E       F      G
               +--------+--------+--------+--------+--------+-----+--------+
         Total |  30042 |  28034 |   2008 |   3409 |  18011 |  31 |  969.1 |
       Dungeon |  16624 |  15631 |    993 |   1621 |  10884 |  15 | 1108.3 |
        Temple |    188 |    173 |     15 |      0 |    171 |   1 |  188.0 |
          Lair |   6444 |   5822 |    622 |      0 |   4479 |   6 | 1074.0 |
     Snake Pit |   2445 |   2318 |    127 |    431 |   1198 |   4 |  611.2 |
  Orcish Mines |   1862 |   1613 |    249 |    109 |    839 |   2 |  931.0 |
        Bazaar |    147 |    147 |      0 |      0 |     72 |   1 |  147.0 |
        Bailey |    720 |    720 |      0 |    544 |      0 |   1 |  720.0 |
      Ice Cave |   1608 |   1608 |      0 |    703 |    368 |   1 | 1608.0 |
               +--------+--------+--------+--------+--------+-----+--------+

Top non-repeatable levels by time:
    D:11: 2691 daAuts
   IceCv: 1608 daAuts
     D:2: 1566 daAuts
     D:3: 1409 daAuts
  Lair:6: 1367 daAuts
     D:5: 1259 daAuts
  Lair:1: 1220 daAuts
  Lair:2: 1215 daAuts
     D:4: 1196 daAuts
   Orc:2: 1182 daAuts
     D:1: 1087 daAuts
     D:9: 1064 daAuts
    D:15: 1010 daAuts
 Snake:1: 982 daAuts
    D:13: 959 daAuts
